[Event "57th Biel Festival MTO 2024"]
[White "Ganguly,Surya Shekhar"]
[Black "Razafindratsima,Timothe"]
[Site "Biel"]
[Round "4.6"]
[Annotator "TA"]
[Result "1/2-1/2"]
[Date "2024.07.18"]
[WhiteElo "2575"]
[BlackElo "2445"]
[PlyCount "113"]
[TimeControl "60"]

1. e4 c5 2. Nf3 e6 3. Nc3 Nc6 4. d4 cxd4 5. Nxd4 Nf6 6. Nxc6 bxc6 7. e5 Nd5 8. Ne4 Bb7 9. c4 {[%emt 0:1:11] B45: Sicilian Four Knights.} Nb4 10. c5 Qb8 11. f4 Ba6 12. a3 Bxf1 13. Rxf1 Nd5 14. Rf3 {[%emt 0:0:8] 14.Qd4 is vanishing.} Be7 15. b3 $146 ({Predecessor:} 15. Qc2 f5 16. exf6 Nxf6 17. Rb3 Qc7 18. Nxf6+ Bxf6 19. Be3 O-O 20. O-O-O Rab8 21. Rd2 Rxb3 22. Qxb3 {½-½ Moussard,J (2686)-Grandelius,N (2651) Bundesliga 2223 2022 (10.7)} )f5 16. Nd6+ Bxd6 17. exd6 Qd8 18. Qd2 Qh4+ 19. Kf1 Nf6 (19... Qxh2 $2 20. Rh3 $18 )20. Bb2 Ne4 (20... Qxh2 $2 21. Bxf6 gxf6 22. Rh3 $18 )21. Qe3 Rb8 (21... Qxh2 $2 22. Rh3 $18 (22. Bxg7 Qh1+ 23. Qg1 Nd2+ 24. Ke2 Qxg1 $11 )(22. Bxg7 Qh1+ 23. Qg1 Qxg1+ 24. Kxg1 Rg8 $11 ))22. Kg1 (22. Bxg7 $2 Rg8 (22... Rxb3 23. Qxb3 Nd2+ 24. Kg1 $11 )23. Bd4 (23. Rh3 $2 Qg4 $19 )Rxb3 (23... Qxh2 $2 24. Ra2 $19 )24. Qxb3 Nd2+ (24... Qxh2 $2 25. Ra2 $18 )25. Kg1 Nxb3 26. Rxb3 Qxf4 $19 )O-O 23. Rh3 Qg4 24. Re1 Qg6 (24... h5 {is interesting.} 25. Qc1 h4 26. Bd4 Rb5 )25. Qc1 Nf6 26. Rg3 Qf7 $1 27. Bd4 h6 28. Qb2 Kh7 29. Ree3 Nh5 30. Rgf3 Nf6 31. Rg3 Nh5 32. Rgf3 Nf6 33. Bxf6 Qxf6 34. Qxf6 gxf6 35. b4 Rb5 36. Rb3 Rfb8 37. Rfc3 a5 38. Rc4 Kg7 39. Kf2 Kf7 40. Ke2 h5 41. Kd3 a4 ({Better is} 41... e5 $17 )42. Rb2 Rg8 43. Rf2 Rg4 44. Rcc2 Rb8 45. Rb2 h4 46. Ke3 Rbg8 47. b5 cxb5 48. Rxb5 e5 $1 (48... Rxg2 49. Rb7 R2g7 (49... Rxf2 $2 50. Rxd7+ Ke8 51. Re7+ Kf8 52. Kxf2 $18 )50. Rxd7+ Ke8 51. Rxg7 Rxg7 52. c6 $18 )49. fxe5 fxe5 50. Rxf5+ Ke6 51. Rh5 Rxg2 52. Rxh4 Kd5 53. c6+ (53. Rxa4 $2 {perishes.} Rxh2 54. Kf3 Rhg2 55. c6+ Ke6 $19 (55... Kxc6 56. Rxe5 R8g3+ 57. Kf4 $11 )(55... Kxc6 56. Rxe5 R8g3+ 57. Kf4 $15 ))Kxc6 54. Rxe5 Rb8 55. Rxa4 Rxh2 56. Ra6+ Rb6 57. Rxb6+ 1/2-1/2

[Event "57th Biel Festival MTO 2024"]
[White "Petkidis,Anthony"]
[Black "Moiseenko,Alexander"]
[Site "Biel"]
[Round "4.7"]
[Annotator "TA"]
[Result "0-1"]
[Date "2024.07.18"]
[WhiteElo "2427"]
[BlackElo "2560"]
[PlyCount "88"]
[TimeControl "60"]

1. e4 c5 2. Nf3 Nc6 3. d4 cxd4 4. Nxd4 Nf6 5. Nc3 e5 6. Ndb5 d6 7. Nd5 Nxd5 8. exd5 Nb8 9. a4 Be7 10. Bd2 Nd7 11. Bb4 O-O {[%emt 0:2:43] Die Stellung ist ausgeglichen.} 12. Bxd6 Bxd6 13. Nxd6 Nf6 {[%emt 0:0:25] Es drohte c4} 14. Nxc8 Rxc8 15. c3 Nxd5 16. Qb3 (16. g3 $11 )Nf4 $15 17. Rd1 (17. g3 $1 $15 Nd3+ 18. Bxd3 Qxd3 19. Rd1 Qe4+ 20. Kd2 )Qc7 {[%emt 0:5:42] Droht stark ...Qc6.} 18. Qc2 Rfd8 19. g3 Qc6 20. Rg1 Ne6 21. Bg2 Qa6 22. Be4 g6 23. Rd2 (23. Bd3 $17 Qa5 24. Rh1 )Nc5 $19 24. b3 (24. f3 {ist eine bessere Verteidigung.} )Rxd2 25. Kxd2 Qb6 {[%emt 0:0:16] ...Nxe4+ wäre nun fies.} 26. Ke2 Nxb3 {[%emt 0:1:10] Und ...Nd4+ würde nun gewinnen.} (26... Qxb3 27. Qxb3 Nxb3 28. Bxb7 Rxc3 29. Re1 $11 )27. Kf1 Rd8 $1 {[%emt 0:1:33] Zielt auf ...Rd2 ab.} 28. Qe2 {[%emt 0:0:37] Weiss hat schwache schwarze Felder} Rd2 29. Qe1 Qa6+ 30. Kg2 Re2 31. Qb1 Nc5 (31... Qxa4 32. Bf3 Rd2 33. Re1 $11 )(31... Qc4 $19 {ist viel giftiger.} 32. Bxb7 Qxc3 (32... Qxa4 33. Bd5 $11 ))32. Bf3 $17 Rd2 $36 {[%emt 0:0:9][%mdl 2048] ...e4 ist eine echte Drohung. Weiss steht unter starkem Druck.} 33. Rd1 Qd6 {[%emt 0:11:51] Schwarz steht deutlich aktiver.} 34. Rxd2 Qxd2 35. Bxb7 Qxc3 {[%emt 0:1:20][%mdl 4096] Endspiel. KQB-KQN} ({Natürlich nicht} 35... Nxa4 $6 36. Qb5 Nxc3 37. Qe8+ (37. Qxe5 Qd7 $11 )Kg7 38. Qxe5+ Kg8 39. Qb8+ Kg7 40. Qxa7 $11 )36. Qb5 {[%emt 0:1:39] Danach ist Weiß chancenlos.} (36. Bc6 $17 )Qd4 $19 {[%emt 0:0:51][%cal Oc5d3] Und jetzt ...Nd3! wäre schön.} 37. a5 $2 {[%emt 0:2:10] [#]} (37. Qb1 {ist eine bessere Chance.} )Nd3 $1 38. f3 Kg7 (38... Qf2+ $142 39. Kh3 Qf1+ 40. Kh4 Qe2 41. Qe8+ Kg7 )39. Be4 Qf2+ {[%emt 0:2:27] Schwarz setzt Matt.} 40. Kh3 {[%emt 0:0:3] [#]} Qf1+ $1 (40... Nc5 41. Bd5 $17 )41. Kh4 Qe2 42. h3 {[%emt 0:0:0] [#]} Qe3 $1 43. Qxd3 (43. f4 Qe2 )Qh6+ 44. Kg4 Qh5# {[%emt 0:0:0] Gewichteter Fehlerwert: Weiß=0.67/Schwarz=0.25 (präzise) .  Fehler:       	Weiß=6     	Schwarz=2     Ungenau:       	Weiß=3     	Schwarz=1     OK:         	Weiß=7     	Schwarz=14    Bester:       	Weiß=5     	Schwarz=2     Stark:        	---       	Schwarz=2} 0-1

[Event "57th Biel Festival MTO 2024"]
[White "Juksta,Karolis"]
[Black "Xiao,Tong"]
[Site "Biel"]
[Round "4.8"]
[Annotator "TA"]
[Result "1/2-1/2"]
[Date "2024.07.18"]
[WhiteElo "2400"]
[BlackElo "2518"]
[PlyCount "38"]
[TimeControl "60"]

1. d4 Nf6 2. c4 e6 3. Nc3 Bb4 4. e3 O-O 5. Bd3 d5 6. a3 Bxc3+ 7. bxc3 dxc4 8. Bxc4 c5 9. Ne2 Qc7 10. Bd3 Nc6 {[%emt 0:0:27] The position is equal.} 11. O-O e5 12. Ng3 cxd4 13. cxd4 exd4 14. exd4 Rd8 15. Bg5 {[%emt 0:9:52] [#] Bxf6 would now be deadly. A strong pair of Bishops.} Qd6 16. Nh5 {[%emt 0:1:14] And now Bxf6 would win.} Ng4 17. Ng3 Nf6 18. Nh5 {[%emt 0:0:16] Strongly threatening Bxf6.} Ng4 {[%emt 0:0:30][%csl Gg4][%cal Rd6h2] [#]} 19. Ng3 Nf6 {[%emt 0:4:53] A rather calm draw.   Weighted Error Value: White=0.01 (flawless) /Black=0.01 (flawless) .  OK:         	White=4     	Black=7} 1/2-1/2

[Event "57th Biel Festival MTO 2024"]
[White "Sokolovsky,Yahli"]
[Black "Kalogridis,Antonios"]
[Site "Biel"]
[Round "4.9"]
[Annotator "TA"]
[Result "1-0"]
[Date "2024.07.18"]
[WhiteElo "2492"]
[BlackElo "2391"]
[PlyCount "105"]
[TimeControl "60"]

1. e4 c5 2. Nf3 Nc6 3. Bb5 d6 4. O-O Bd7 5. Re1 Nf6 6. c3 a6 7. Bf1 Bg4 8. d4 cxd4 9. cxd4 e5 10. d5 Nd4 11. Be3 Nxf3+ {[%emt 0:0:5] White is slightly better.} 12. gxf3 Bd7 13. a4 Be7 14. Nd2 O-O 15. Nc4 Nh5 16. Nb6 Rb8 17. Rc1 Bg5 {[%emt 0:22:48] [#] Hoping for ...Bxe3.} 18. Nxd7 $1 Bxe3 19. fxe3 Qxd7 20. Re2 Rbc8 21. Rec2 g6 22. b3 Kg7 23. Kh1 Rfd8 24. Qd2 Nf6 25. Qg2 Qe8 26. a5 Rxc2 27. Qxc2 Qe7 28. Bh3 Ne8 {[%emt 0:3:40] Wards off Qc7} 29. Bc8 {[%emt 0:0:21] Black is weak on the light squares} Qf6 30. Qd1 Qe7 31. Rc4 h5 32. b4 Nf6 (32... Kh6 $1 $11 {is more appropriate.} )33. Qc2 Ne8 {[%emt 0:0:54] Prevents Rc7} 34. Rc3 Qf6 35. Kg2 Qe7 36. Kf1 Qf6 37. Ke2 ({Better is} 37. Qg2 $16 )Qe7 (37... Qg5 $11 )38. Kd2 Kf8 (38... Qg5 $14 )39. Kc1 $16 Kg7 40. Kb2 Kf8 (40... Qf6 $16 )41. Kb3 Kg7 42. Ka4 Kf8 43. Kb3 Kg7 44. Ka3 Kg8 45. b5 axb5 $2 {[%emt 0:12:46] [#]} (45... Kg7 {keeps fighting.} 46. b6 (46. bxa6 bxa6 47. Ka2 Qh4 $14 )Kh6 )46. Kb4 $18 Kg7 47. Kxb5 Nf6 $2 (47... Qf6 48. Kb6 (48. Bxb7 Qe7 $18 )Qe7 )48. Rc7 {[%emt 0:2:39] White is clearly winning.} Qe8+ 49. Kb6 h4 50. Qc4 {[%emt 0:5:11] Active counter play!} (50. Kxb7 $2 {too greedy.} Qb5+ 51. Ka7 Qxa5+ 52. Kb7 Qb5+ 53. Ka7 Qf1 $19 )Nd7+ 51. Bxd7 Rxd7 52. Qb5 Qa8 53. Rxd7 {[%emt 0:0:23] Weighted Error Value: White=0.16 (very precise) /Black=0.20 (precise) .  Mistake:       	White=1     	Black=6      Inaccurate:     	White=2     	Black=1      OK:         	White=19    	Black=12     Best:        	White=1     	Black=3      Strong:       	White=1     	---} 1-0

[Event "57th Biel Festival MTO 2024"]
[White "Tahay,Alexis"]
[Black "Madaminov,Mukhiddin"]
[Site "Biel"]
[Round "4.10"]
[Annotator "TA"]
[Result "0-1"]
[Date "2024.07.18"]
[WhiteElo "2375"]
[BlackElo "2517"]
[PlyCount "116"]
[TimeControl "60"]

1. e4 e5 2. Nf3 Nc6 3. Bb5 a6 4. Ba4 Nf6 5. O-O Bc5 6. c3 b5 7. Bc2 d5 {[%emt 0:0:10] C78: Ruy Lopez: Archangelsk and Möller Defences.} 8. a4 dxe4 9. axb5 exf3 10. Qxf3 e4 11. Bxe4 Ne5 12. Qe2 O-O 13. d4 Bg4 14. Qc2 Nxe4 15. Qxe4 Bd7 16. bxa6 Bb5 17. Qxe5 Bxf1 18. Kxf1 Ba7 $1 19. Qf5 Re8 20. g3 Rb8 21. Qf3 $146 (21. Nd2 $5 Rb6 $8 22. Kg2 $11 )({Predecessor:} 21. Nd2 Rb6 22. Qd3 Qd5 23. Nf3 Rf6 24. Kg2 Re1 25. Ra5 Qxa5 26. Nxe1 Qxa6 27. Qxa6 Rxa6 28. Kf3 {1-0 Bulbarela Garcia,C (2198)-Glopper,J (2191) MEX-NED email 2021 [12]} )Rb6 22. Ra5 $2 (22. Kg2 $11 {and White stays safe.} )Rf6 $1 $19 (22... Qc8 23. Be3 $17 )23. Rf5 Qc8 $1 24. g4 (24. Rxf6 $2 Qh3+ 25. Qg2 Re1+ (25... Qxg2+ 26. Kxg2 gxf6 27. Na3 $18 )26. Kxe1 Qxg2 $19 )Rxf5 (24... Rxa6 25. Na3 $11 (25. Rxf7 $2 Ra1 $19 ))25. Qxf5 (25. gxf5 $142 Qxa6+ 26. Kg2 )Qxa6+ $19 26. Kg2 Qb7+ (26... Re1 27. Be3 )27. Kg3 c5 28. d5 $2 (28. Bf4 )Bb8+ $19 (28... g6 29. Qd3 Bb8+ 30. Kg2 $19 )29. Kg2 g6 30. Qd3 Qc7 (30... Re1 $142 31. Bh6 Qc8 (31... Qxb2 32. Nd2 $15 )(31... c4 32. Qxc4 Re5 33. Nd2 $11 ))31. Kf1 $19 Qxh2 32. Qf3 f5 33. g5 Qe5 34. Qe3 Rd8 (34... Kf8 $19 35. Qxe5 Rxe5 (35... Bxe5 36. Na3 $17 ))35. c4 $15 f4 36. Qxe5 Bxe5 37. Na3 $2 (37. Ke2 $15 )f3 $1 $19 38. Ke1 (38. Nc2 $142 Ra8 39. Ke1 )Re8 $19 39. Kf1 Bd4 40. d6 Be5 ({Don't blunder} 40... Re2 $2 41. d7 Rxf2+ (41... Bxf2 42. d8=Q+ Kf7 43. Qd5+ Kg7 44. Qb7+ Kg8 45. Qa8+ Kg7 46. Qxf3 )42. Ke1 Re2+ 43. Kd1 $18 )41. Nb5 Rd8 42. Be3 Bxd6 ({Weaker is} 42... Bxb2 43. Bxc5 Kf7 44. Ke1 $17 )43. Nxd6 (43. Ke1 $142 Be5 44. Nc3 )Rxd6 $19 44. Kg1 (44. Ke1 $142 Kf7 45. Bxc5 )Rb6 $19 45. Bxc5 Rxb2 46. Be3 {[%emt 0:0:14] [#]} Rb4 $1 47. c5 {[%emt 0:0:32] [#]} Rh4 $1 48. c6 Rc4 49. Kh2 Kf7 50. Kg3 Ke6 51. Kxf3 Kf5 52. Kg3 Rxc6 53. Bd2 Rc4 54. f3 Rd4 55. Bc1 Rd1 56. Be3 Re1 57. Bd2 Rg1+ 58. Kh4 Rd1 0-1

[Event "57th Biel Festival MTO 2024"]
[White "Nurman,Alua"]
[Black "Macovei,Andrei"]
[Site "Biel"]
[Round "4.11"]
[Annotator "TA"]
[Result "1/2-1/2"]
[Date "2024.07.18"]
[WhiteElo "2274"]
[BlackElo "2479"]
[PlyCount "85"]
[TimeControl "60"]

1. e4 e5 2. Nf3 Nc6 3. Bb5 a6 4. Ba4 Nf6 5. O-O d6 6. c3 Bd7 7. Re1 g6 8. d4 Bg7 9. Nbd2 O-O 10. h3 exd4 11. cxd4 Nb4 12. Bxd7 Qxd7 {[%emt 0:0:6] The position is equal.} 13. Qb3 {[%emt 0:1:10] Dodges Nd3} a5 14. a3 Nc6 15. Nf1 (15. Qxb7 $2 {too greedy.} Rfb8 $19 )a4 16. Qc2 (16. Qxb7 $2 {loses.} Rfb8 $19 )Na5 17. Bg5 Qc6 18. Qd3 Rfe8 19. Rac1 Qb6 20. N1d2 c6 (20... Nd7 $11 {is more appropriate.} )21. e5 $14 dxe5 22. dxe5 Nd5 23. Qc2 Nb3 $1 24. Nxb3 axb3 (24... Qxb3 {simplifies} 25. Qxb3 axb3 26. Rcd1 Ra5 )25. Qc4 Ra5 26. Bd2 $36 {[%emt 0:2:8][%mdl 2048] White has the initiative.} Raa8 27. Be3 Qa5 (27... Qa6 $1 $11 {remains equal.} )28. Qxb3 $16 Nxe3 29. Qxe3 Rad8 30. Rc4 Qa6 31. Re4 Qd3 32. Qb6 Qd7 33. Rb4 Bf8 34. Rd4 Qe7 35. Rde4 Qc5 36. Qb3 Qd5 37. Qe3 Bg7 38. Qb6 {[%emt 0:0:34][%cal Oe4d4] [#] Hoping for Rd4!} Qd7 39. Ng5 Qe7 40. h4 {[%emt 0:1:53] White is much more active.} h6 41. Nf3 Rd5 {[%emt 0:2:22] [#]} (41... Rd7 $142 )42. Qb3 (42. e6 $1 $16 {[%cal Re6f7] Threatens to win with exf7+.} f5 43. Rb4 )Qd7 $14 43. Qc2 {[%emt 0:9:7] Weighted Error Value: White=0.11 (very precise) /Black=0.11 (very precise) .  Mistake:       	White=1     	Black=3      Inaccurate:     	White=3     	Black=2      OK:         	White=18    	Black=16     Best:        	---       	Black=1      Strong:       	---       	Black=1} 1/2-1/2

[Event "57th Biel Festival MTO 2024"]
[White "Harsha Bharathakoti"]
[Black "Thavandiran,Shiyam"]
[Site "Biel"]
[Round "4.12"]
[Annotator "TA"]
[Result "1-0"]
[Date "2024.07.18"]
[WhiteElo "2569"]
[BlackElo "2387"]
[PlyCount "81"]
[TimeControl "60"]

1. d4 e6 2. c4 Nf6 3. Nc3 Bb4 4. Nf3 O-O 5. Bg5 c5 6. Rc1 cxd4 {[%emt 0:3:30] E21: Nimzoindisch (4.Sf3).} 7. Nxd4 h6 8. Bh4 g5 9. Bg3 Ne4 10. e3 Nc6 11. Bd3 Nxg3 12. hxg3 Kg7 $146 ({Predecessor:} 12... Qf6 13. Kf1 Bxc3 14. Rxc3 Kg7 15. Bb1 b6 16. Nb5 Ba6 17. Nc7 Bxc4+ 18. Rxc4 Rac8 {1-0 Coelho,L (2392)-Santos,M (2402) Paulista-chT Interclubes 2008 (7)} )13. O-O Be7 14. Bb1 d6 15. Qc2 Rh8 16. Rcd1 Qb6 (16... Nxd4 $1 $14 17. Rxd4 (17. exd4 d5 $14 )h5 )17. Ndb5 (17. f4 $1 $18 )Ne5 $14 18. Na4 Qc6 19. b3 b6 (19... g4 $14 )20. f4 $18 Ng4 {[%emt 0:1:1] [#]} 21. Nd4 ({Vorzuziehen ist} 21. fxg5 $1 $16 {[%cal Of1f7] Und jetzt Rxf7+! wäre schön.} Ne5 (21... Bxg5 22. Rxf7+ Kxf7 23. Qg6+ Kf8 24. Rf1+ Nf6 25. Be4 $18 )22. g6 )Qd7 $2 {[%emt 0:3:25][%mdl 8192] [#]} (21... Qe8 $1 $11 {und Schwarz muss sich keine Sorgen machen.} )22. f5 $1 $18 e5 23. Ne6+ (23. f6+ Nxf6 24. Nf5+ Kg8 $18 )Kg8 (23... fxe6 $2 24. f6+ Bxf6 25. Qg6+ Kf8 26. Rxf6+ Ke7 27. Rf7+ Kd8 28. Rxd7+ $18 )24. Qe4 Bb7 25. Qxg4 h5 26. Qe2 fxe6 27. f6 Bf8 28. Bg6 Qc6 29. Rf2 (29. Bxh5 $2 Rxh5 30. Rd2 Rh6 $19 )Rh6 30. Bxh5 Qe4 31. Nc3 Qh7 32. f7+ Kg7 33. g4 Rc8 (33... Bc6 $142 34. b4 a5 35. bxa5 (35. b5 Be4 $16 )Rxa5 )34. Nb5 $18 d5 35. Nxa7 Ra8 36. Nb5 dxc4 (36... Rc8 $142 37. Qf3 Kh8 )37. Qxc4 Rxh5 38. gxh5 Qxh5 39. Rd7 (39. Rdd2 $142 g4 40. Qxe6 )Rc8 $2 (39... g4 )40. Nc7 $18 (40. Qxe6 Rc1+ 41. Rf1 Rxf1+ 42. Kxf1 Qh1+ 43. Ke2 Qxg2+ 44. Kd1 Qf1+ 45. Kd2 Bb4+ 46. Nc3 Bxc3+ 47. Kxc3 Qc1+ 48. Kd3 e4+ 49. Ke2 Ba6+ $19 )Bd5 41. Rxd5 (41. Nxd5 $2 {geht unter.} Rxc4 42. bxc4 exd5 $19 )(41. Ne8+ $142 Kg6 42. Qxc8 (42. Rf6+ Kh7 $18 )Qh4 43. Nf6 Kg7 44. Nh5+ Kg6 45. Qxf8 Kxh5 46. Qh8+ Kg4 47. f8=Q (47. f8=R Qxh8 48. Rxh8 Bc6 49. Rg7 Be8 50. Rxe8 Kh5 51. Rxe6 Kh4 52. Rxe5 g4 53. Rf4 Kg3 54. Rgxg4# )(47. Qxh4+ Kxh4 48. f8=Q Kg4 49. Qh6 Bxg2 50. Kxg2 e4 51. Qh3# ))1-0

[Event "57th Biel Festival MTO 2024"]
[White "Haimovich,Tal"]
[Black "Sethuraman,S.P."]
[Site "Biel"]
[Round "4.13"]
[Annotator "TA"]
[Result "1/2-1/2"]
[Date "2024.07.18"]
[WhiteElo "2330"]
[BlackElo "2587"]
[PlyCount "140"]
[TimeControl "60"]

1. d4 Nf6 2. Nf3 e6 3. c4 h6 4. g3 d5 5. Bg2 Bb4+ 6. Bd2 {[%emt 0:0:41] E10: Blumenfeld Gambit.} Be7 7. O-O Nbd7 8. Qc2 c6 9. Rd1 O-O 10. b3 b6 11. Bc3 Ne4 12. Bb2 Bb7 $146 ({Predecessor:} 12... Ba6 13. Nbd2 Nxd2 14. Nxd2 f5 15. Qc1 Rc8 16. Ba3 Bb7 17. Bxe7 Qxe7 18. Qb2 f4 {0-1 Lugovskoy,D (1972)-Sokolova,V (2088) Peterhof op 08 2009 (6)} )13. Ne5 Nxe5 14. Bxe4 Nd7 15. Bg2 f5 16. e3 Bd6 17. Ba3 Bxa3 18. Nxa3 Qe7 19. Qb2 a5 20. Nc2 g5 21. Ne1 Kg7 22. Nd3 h5 23. Rac1 Rh8 24. b4 axb4 25. Qxb4 Kf6 26. Qb2 Qa3 27. Qxa3 Rxa3 28. cxd5 exd5 29. Rc2 Ke6 30. h4 g4 31. Bf1 Kd6 $1 32. Rb1 b5 33. Nb4 Nb6 34. Rb3 Ra7 35. Bd3 Rf8 36. Re2 Nc4 37. Bb1 Bc8 38. Nd3 Bd7 39. Nc5 Na3 40. Bd3 Be6 41. Rb4 Rfa8 42. Kf1 Ke7 43. Ke1 Kf6 44. Kd1 Bf7 45. Kc1 Bg6 46. Kb2 Re7 47. Rb3 Nc4+ 48. Bxc4 dxc4 49. Ra3 $1 c3+ (49... Ree8 $11 {is more appropriate.} )50. Rxc3 $14 (50. Kxc3 $2 {loses.} Rxa3+ 51. Kb2 Rea7 $19 )b4 $1 51. Rc1 (51. Rb3 $5 Bf7 52. a4 Bxb3 53. Kxb3 $16 )Rea7 52. Ra1 Bf7 53. Kc1 Ra3 54. Rb1 Rxa2 ({But not} 54... Bxa2 $6 55. Rxb4 Bd5 56. Reb2 $16 )55. Rxa2 Rxa2 56. Rb2 Ra1+ 57. Rb1 Ra2 58. Rb2 Ra1+ 59. Kd2 Rf1 60. Kd3 Bd5 61. Na6 Rd1+ 62. Kc2 Rf1 63. Kd3 b3 64. Nb4 Rd1+ 65. Kc3 $1 Bf7 66. Nd3 Bd5 67. Nc5 Rc1+ 68. Kd2 Rf1 69. Kc3 Rc1+ 70. Kd2 Rf1 1/2-1/2

[Event "57th Biel Festival MTO 2024"]
[White "Gavrilescu,David"]
[Black "Emmenecker,Pierre-Antoine"]
[Site "Biel"]
[Round "4.14"]
[Annotator "TA"]
[Result "1-0"]
[Date "2024.07.18"]
[WhiteElo "2538"]
[BlackElo "2306"]
[PlyCount "51"]
[TimeControl "60"]

1. e4 e5 2. Nf3 Nc6 3. Bc4 Nf6 4. d3 h6 5. c3 d6 6. a4 g6 7. a5 Bg7 8. a6 {[%emt 0:1:58] [#] Threatens to win with axb7. White is slightly better.} b6 9. O-O (9. Bb5 $5 Bd7 $8 10. b4 $11 )O-O 10. Nbd2 (10. Re1 $14 {was preferrable.} )Rb8 $11 11. Bb5 Ne7 12. d4 c6 13. Bd3 exd4 14. cxd4 c5 15. Re1 Nc6 16. Bb5 Bd7 17. Nc4 Nxd4 ({Better is} 17... d5 $15 18. exd5 Nxd5 )18. Nxd4 cxd4 19. Nxd6 Ne8 20. Nb7 $36 {[%emt 0:14:49][%mdl 2048] White is more active. White has more active pieces.} Rxb7 ({Black should try} 20... Qe7 $1 $14 21. Bf1 Bc6 )21. axb7 $16 Bxb5 22. Bf4 {[%emt 0:4:8] Dodges Qb8} Nd6 23. Rxa7 {[%emt 0:0:7] aiming for Ra8.} Qb8 {[%emt 0:3:43] [#]} (23... Nxb7 $16 24. Rxb7 d3 )24. Qa1 $1 $18 {[%emt 0:0:45][%mdl 1024] Black must now prevent Qa3. White has strong compensation.} d3 $2 (24... g5 {is a better chance.} 25. Bg3 Re8 26. Bxd6 Qxd6 )25. Qa3 d2 26. Rd1 {[%emt 0:0:6] Weighted Error Value: White=0.08 (flawless) /Black=0.57.  Mistake:       	White=1     	Black=4      OK:         	White=6     	Black=10     Best:        	White=2     	Black=1      Strong:       	White=1     	---} (26. Bxd6 $2 dxe1=Q# )1-0

[Event "57th Biel Festival MTO 2024"]
[White "Cervantes Landeiro,Thalia"]
[Black "Bilguun,Sumiya"]
[Site "Biel"]
[Round "4.15"]
[Annotator "RC"]
[Result "1/2-1/2"]
[Date "2024.07.18"]
[WhiteElo "2271"]
[BlackElo "2466"]
[PlyCount "81"]
[TimeControl "60"]

1. d4 Nf6 2. c4 e6 3. Nf3 b6 4. g3 Bb7 5. Bg2 Be7 6. O-O O-O 7. Re1 c5 8. d5 exd5 9. Nh4 Ne4 10. cxd5 Bxh4 11. Bxe4 Bf6 12. Nc3 d6 13. Bg2 a6 14. a4 Nd7 15. Bf4 Re8 16. Ne4 Be5 17. Bxe5 Nxe5 18. Nc3 c4 19. Qd4 Rc8 20. Bh3 Rc5 21. f4 Ng6 22. e4 Qc7 23. Bg2 f6 24. h4 Nf8 25. Qd1 b5 26. e5 dxe5 27. Ne4 Bxd5 28. Nxc5 Qxc5+ 29. Kh2 Bxg2 30. Kxg2 e4 31. axb5 axb5 32. Ra6 h6 33. Qd6 Qf5 34. Qc6 Rd8 35. Qxe4 Rd2+ 36. Kg1 Qg4 37. Ra3 Qh3 38. Re2 Rd1+ 39. Re1 Rd2 40. Re2 Rd1+ 41. Re1 1/2-1/2

[Event "57th Biel Festival MTO 2024"]
[White "Ansat,Aldiyar"]
[Black "Gloeckler,Christian"]
[Site "Biel"]
[Round "4.16"]
[Annotator "TA"]
[Result "1/2-1/2"]
[Date "2024.07.18"]
[WhiteElo "2437"]
[BlackElo "2304"]
[PlyCount "108"]
[TimeControl "60"]

1. e4 c5 2. Nf3 Nc6 3. Nc3 e5 4. Bc4 g6 5. d3 h6 $1 6. Be3 d6 7. Qd2 Bg7 8. Nd5 Nge7 9. c3 f5 10. exf5 Nxd5 (10... gxf5 {simplifies} 11. g3 Nxd5 12. Bxd5 Ne7 )11. Bxd5 Ne7 {[%emt 0:4:52] [#]} 12. f6 $1 Bxf6 13. Bb3 Nf5 14. O-O Kf8 15. Qc2 Kg7 16. Rad1 Re8 17. Rfe1 Bd7 18. Bd5 Qc7 19. Qd2 Bc6 20. Be4 (20. Bxc6 $1 $11 Qxc6 21. Qc2 )Nxe3 $1 $17 21. Bxc6 Nxg2 ({Stronger than} 21... Qxc6 22. Rxe3 d5 23. Qc2 $14 )22. Bxb7 Qxb7 23. Kxg2 Bg5 (23... c4 $1 $19 {[%cal Rc4d3] is more deadly. Strongly threatening ...cxd3.} 24. Qc2 (24. dxc4 $2 {perishes.} e4 $19 )cxd3 )24. Qe2 Bf4 25. Kg1 Rf8 26. d4 (26. Nd2 $17 {might work better.} )exd4 (26... cxd4 $19 27. Nh4 (27. cxd4 $2 {too greedy.} Rae8 $19 )Bg5 )27. Qe7+ {[%emt 0:1:6] [#]} ({White should try} 27. cxd4 $15 Rae8 28. Qd3 )Qxe7 $1 28. Rxe7+ Kf6 29. Re4 Kf5 30. Re7 dxc3 31. bxc3 g5 32. h3 Rfe8 33. Rde1 {[%emt 0:0:41] [#]} (33. Rf7+ $17 Ke6 34. Rh7 )Be5 $1 34. Rf7+ $19 Kg6 35. Rd7 Bxc3 (35... Bf4 $17 36. Rd1 Rf8 )36. Rxd6+ Bf6 37. Rc1 Rac8 38. Rc4 Red8 39. Ra6 Rc7 40. Rca4 (40. Ne5+ $15 Kg7 41. Nc6 )Re8 (40... Kf5 $17 {White must now prevent ...c4.} 41. Rc4 Bg7 )41. Nd2 $11 Rce7 42. Rc6 Re5 43. Raa6 Rf5 44. f3 Kg7 45. Ne4 Bd4+ 46. Kg2 Rb8 47. Rxa7+ Kf8 {[%emt 0:2:39] The position is equal.} 48. Rxh6 c4 49. Ra3 Be5 50. Rh7 Kg8 51. Rd7 c3 52. Nxc3 Rb2+ 53. Kg1 Bh2+ 54. Kh1 Rxf3 {[%emt 0:0:56] Whites escaped into a draw.   Weighted Error Value: White=0.21 (precise) /Black=0.18 (very precise) .  Mistake:       	White=5     	Black=5      Inaccurate:     	White=5     	Black=2      OK:         	White=19    	Black=17     Best:        	White=3     	Black=3      Strong:       	---       	Black=2} 1/2-1/2

[Event "57th Biel Festival MTO 2024"]
[White "Materia,Marco"]
[Black "Saravanan,V.."]
[Site "Biel"]
[Round "4.17"]
[Annotator "TA"]
[Result "1-0"]
[Date "2024.07.18"]
[WhiteElo "2453"]
[BlackElo "2266"]
[PlyCount "67"]
[TimeControl "60"]

1. d4 d5 2. c4 dxc4 3. Nf3 Nf6 4. e3 e6 5. Bxc4 c5 6. O-O a6 7. a4 Nc6 8. Qe2 Qc7 9. Nc3 Be7 10. dxc5 Bxc5 11. Bd3 (11. e4 {scheint wilder zu sein.} Ng4 12. g3 O-O 13. Kg2 )O-O 12. Ne4 Be7 13. Bd2 {[%emt 0:1:51] Weiß steht etwas besser.} e5 14. Rac1 Bg4 15. h3 Bh5 16. Nxf6+ Bxf6 17. Be4 Bg6 18. Bxc6 bxc6 19. e4 Rfd8 20. b4 Qd7 21. Rfe1 Qd3 (21... Be7 $5 )22. Qxd3 Rxd3 23. Rxc6 Be7 24. b5 (24. Nxe5 $2 {ist das falsche Schlagen.} Rxd2 25. Rc4 Bd6 26. Nxg6 hxg6 $19 )axb5 25. axb5 f6 26. b6 {[%emt 0:2:50] b7 ist eine echte Drohung.} Rb3 {[%emt 0:3:47] [#]} (26... Bd8 $11 )27. Be3 $1 $16 ({Viel schlechter ist} 27. Rc7 $6 Bd8 $11 )Bxe4 28. Rc7 Bxf3 (28... Bd6 $16 {kämpft weiter.} )29. Rxe7 $18 Bd5 (29... Be4 30. Rc1 Kh8 )30. Rd1 Rb5 31. Rc7 (31. Rc1 $142 )Be6 $2 {[%emt 0:9:55] [#]} (31... h5 32. Rxd5 Ra1+ 33. Kh2 Rxd5 )32. Rd6 {[%emt 0:2:53] Weiß steht klar auf Gewinn.} Bf5 33. b7 Rb8 34. Rb6 {[%emt 0:0:8] Gewichteter Fehlerwert: Weiß=0.18 (sehr präzise) /Schwarz=0.45.  Fehler:       	Weiß=1     	Schwarz=4     Ungenau:       	Weiß=3     	Schwarz=3     OK:         	Weiß=9     	Schwarz=7     Bester:       	Weiß=1     	---        Stark:        	Weiß=1     	---} ({Weniger gut wäre} 34. g4 R5xb7 35. Rxb7 Rxb7 36. gxf5 h6 $18 )1-0